 Dungeon Crawl Stone Soup version 0.29-a0-322-g68df515428 (webtiles) character file.

Game seed: 159386195932028564

3681 quinnr the Zephyrmancer (level 10, -7/53 HPs)
             Began as a Tengu Air Elementalist on Apr 8, 2022.
             Was a Believer of Vehumet.
             Mangled by a hornet (10 damage)
             ... on level 7 of the Dungeon.
             The game lasted 00:19:50 (10255 turns).

quinnr the Zephyrmancer (Tengu Air Elementalist)   Turns: 10255, Time: 00:19:50

Health: -7/53      AC:  6    Str:  8    XL:     10   Next: 13%
Magic:  13/18      EV: 16    Int: 20    God:    Vehumet [**....]
Gold:   384        SH:  0    Dex: 15    Spells: 6/19 levels left

rFire   + . .      SeeInvis .   A - +2 whip (vamp)
rCold   + . .      Faith    .   (no shield)
rNeg    . . .      Spirit   .   o - +1 robe {rC+ rF+}
rPois   .          Reflect  .   (helmet restricted)
rElec   .          Harm     .   y - +2 cloak
rCorr   +          Rampage  .   (no gloves)
Will    .....                   (boots unavailable)
Stlth   +++.......              v - amulet of magic regeneration
HPRegen 0.17/turn               e - ring of resist corrosion
MPRegen 0.56/turn               F - ring of wizardry

@: flying quickly and evasively, slowed, studying Armour, very slow
A: beak, talons 3, nimble flight
a: Renounce Religion


You were on level 7 of the Dungeon.
You worshipped Vehumet.
Vehumet was pleased with you.
You visited 2 branches of the dungeon, and saw 9 of its levels.

You collected 384 gold pieces.

Inventory:

Hand Weapons
 A - a +2 vampiric whip (weapon)
Missiles
 s - 11 poisoned darts
 I - 3 atropa-tipped darts
Armour
 a - a +0 robe
 o - a +1 robe of resistance (worn)
 y - a +2 cloak (worn)
 E - a +2 robe of fire resistance
Magical Staves
 G - a staff of earth
Jewellery
 e - a ring of resist corrosion (left hand)
 p - the amulet of the Quahog {Spirit Str+2 Int+2 Stlth-}
   (You found it on level 2 of the Dungeon)

   [amulet of guardian spirit]

   It causes incoming damage to be divided between your reserves of health and
   magic.
   Str:       It affects your strength (+2).
   Int:       It affects your intelligence (+2).
   Stlth:     It makes you less stealthy.
 u - a ring of see invisible
 v - an amulet of magic regeneration (around neck)
 F - a ring of wizardry (right hand)
Wands
 r - a wand of paralysis (12)
 w - a wand of iceblast (5)
Scrolls
 c - 3 scrolls of teleportation
 d - 3 scrolls of fear {unknown}
 f - 2 scrolls of acquirement {unknown}
 i - 3 scrolls of amnesia {unknown}
 j - 6 scrolls of identify {unknown}
 l - 2 scrolls of fog {unknown}
 n - a scroll of enchant weapon {unknown}
 q - 2 scrolls of noise {unknown}
Potions
 b - 2 potions of magic
 g - 2 potions of curing
 h - 2 potions of mutation {unknown}
 k - a potion of brilliance {unknown}
 m - a potion of resistance {unknown}
 t - 2 potions of degeneration {unknown}
 x - a potion of cancellation {unknown}
 C - a potion of lignification {unknown}


   Skills:
 - Level 2.0 Fighting
 - Level 3.0 Armour
 + Level 4.9 Dodging
 - Level 5.0 Stealth
 - Level 5.0 Spellcasting
 + Level 4.7 Conjurations
 + Level 13.8 Air Magic
 + Level 3.3 Evocations


You had 6 spell levels left.
You knew the following spells:

 Your Spells              Type           Power      Damage    Failure   Level
a - Shock                 Conj/Air       100%       1d9       1%          1
b - Airstrike             Air            28%        N/A       1%          4
c - Static Discharge      Conj/Air       42%        N/A       1%          2
d - Conjure Ball Lightni  Conj/Air       21%        3x3d6     16%         6

Your spell library contained the following spells:

 Spells                   Type           Power      Damage    Failure   Level
 Magic Dart               Conj           96%        1d7       1%          1
 Corpse Rot               Necr/Air       64%        N/A       1%          2
 Poisonous Vapours        Pois/Air       64%        N/A       1%          2
 Swiftness                Air            57%        N/A       1%          3
 Ensorcelled Hibernation  Hex/Ice        10%        N/A       7%          2
 Gell's Gravitas          Tloc           5%         N/A       14%         3
 Ozocubu's Armour         Ice            5%         N/A       14%         3
 Spider Form              Tmut/Pois      5%         N/A       14%         3
 Teleport Other           Tloc           5%         N/A       14%         3
 Anguish                  Hex/Necr       2%         N/A       41%         4
 Metabolic Englaciation   Hex/Ice        2%         N/A       75%         5
 Dispersal                Tloc           2%         N/A       99%         6
 Simulacrum               Ice/Necr       2%         N/A       99%         6
 Discord                  Hex            2%         N/A       100%        8
 Disjunction              Tloc           2%         N/A       100%        8


Dungeon Overview and Level Annotations

Branches:
Dungeon (8/15)             Temple (1/1) D:4
   Lair: D:8-11

Altars:
Ashenzari
Elyvilon
Fedhas
Gozag
Hepliaklqana
Kikubaaqudgha
Nemelex Xobeh
Okawaru
Sif Muna
Trog
Uskayaw
Vehumet
Wu Jian
Yredelemnul
The Shining One

Shops:
D:5 *

Annotations:
D:8 Psyche


Innate Abilities, Weirdness & Mutations

You have a beak for a mouth.
You have claws for feet.
Your magical nature lets you fly swiftly and evasively.


Message History

You are poisoned.
You shrug off the repeated paralysis!
You can move again.
You feel very sick. The hornet stings you!
You are lethally poisoned!
You feel yourself slow down. The hornet closely misses you.
You fly upwards.
You feel yourself speed up.
* * * LOW HITPOINT WARNING * * *
You feel extremely sick.
There is a stone staircase leading down here.
Unknown command.
You feel better. The hornet closely misses you.
Unknown command.
Casting: Shock (safe; 1% risk of failure)
Confirm with . or Enter, or press ? or * to list all spells.
The hornet is struck by an arc of lightning.
The hornet is lightly wounded.
You are struck by an arc of lightning.
* * * LOW HITPOINT WARNING * * *
The hornet is struck by an arc of lightning.
The hornet is moderately wounded.
The lightning grounds out.
The hornet stings you but does no damage.
The hornet stings you!
* * * LOW HITPOINT WARNING * * *
You feel yourself slow down.
Unknown command.
Unknown command.
Unknown command.
Casting: Static Discharge (safe; 1% risk of failure)
Confirm with . or Enter, or press ? or * to list all spells.
Aiming: Airstrike (safe; 1% risk of failure)
Press: ? - help, Dir - move target, f - hornet
Aim: a hornet (moderately wounded, empty space bonus: 5/8)
The air twists around and strikes the hornet!
The hornet is severely wounded.
The hornet stings you!
You die...

# #........#.......#.#
####........#.......#.##
...#........#..........#
...#........#..........#
.................<.....#
...#...........#.......#########
##..#....#.....................#
#......#.#<#...#.......#######.#
................@...........##.#
#......#.#.#....y#.##.#####.##.#
.#.....#.#.#.....#.##.# #.##.#
.#........)......#.##.# #.##.#
.#.........#.)...#.##.# #.##.#
.####............#.##.# #.##.# ##
#.....)....###.##.# #.##.##
#####..........# #.##.# #.##...
.....[....))...###.##.#####.#####


You could see a hornet.

Vanquished Creatures
  Pikel (D:6)
  Sigmund (D:6)
  4 yaks
  A steam dragon (D:7)
  A water moccasin (D:7)
  An ice beast (D:6)
  A sky beast (D:5)
  2 orc warriors
  2 black bears
  A centaur (D:6)
  2 ogres (D:5)
  2 lemures (D:5)
  A phantom (D:7)
  2 kobold brigands (D:6)
  2 bullfrogs (D:5)
  A scorpion (D:7)
  3 wights (D:7)
  A howler monkey (D:7)
  3 hounds
  2 jellies
  Crazy Yiuf (D:6)
  4 orc priests
  2 gnoll shamans (D:4)
  Ijyb (D:3)
  Natasha (thrice) (D:2)
  3 iguanas
  3 orc wizards
  8 adders
  5 gnolls
  A shadow imp (D:7)
  3 white imps
  2 dart slugs
  32 orcs
  12 endoplasms
  2 giant cockroaches
  5 goblins
  7 hobgoblins
  4 jackals
  A quokka (D:3)
  8 ball pythons
  6 bats
  6 frilled lizards
  11 kobolds
  10 rats
174 creatures vanquished.

Notes
Turn   | Place    | Note
-------+----------+-------------------------------------------
     0 | D:1      | quinnr the Tengu Air Elementalist began the quest for the
                  | Orb.
     0 | D:1      | Reached XP level 1. HP: 10/10 MP: 4/4
   180 | D:1      | Reached XP level 2. HP: 15/15 MP: 0/6
   430 | D:1      | Reached skill level 5 in Air Magic
  1243 | D:2      | Noticed Natasha
  1251 | D:2      | Killed Natasha
  1252 | D:2      | Reached skill level 6 in Air Magic
  1252 | D:2      | Reached XP level 3. HP: 19/19 MP: 1/7
  1461 | D:2      | Reached XP level 4. HP: 24/24 MP: 6/8
  1470 | D:2      | Noticed Natasha
  1476 | D:2      | Killed Natasha
  1795 | D:2      | Reached skill level 7 in Air Magic
  1877 | D:2      | Noticed Natasha
  1887 | D:2      | Killed Natasha
  1888 | D:2      | Gained mutation: Your magical nature lets you fly swiftly
                  | and evasively. [Tengu growth]
  1888 | D:2      | Reached XP level 5. HP: 15/28 MP: 4/9
  2361 | D:2      | Identified the amulet of the Quahog {Spirit Str+2 Int+2
                  | Stlth-}
  2888 | D:3      | Noticed Ijyb
  2897 | D:3      | Paralysed by Ijyb for 5 turns
  2903 | D:3      | Killed Ijyb
  3350 | D:3      | Reached skill level 8 in Air Magic
  3446 | D:3      | Found a broken altar of Ashenzari.
  3449 | D:3      | Found an ornate altar of the Wu Jian Council.
  4038 | D:4      | Reached skill level 1 in Fighting
  4038 | D:4      | Reached XP level 6. HP: 29/34 MP: 2/10
  4269 | D:4      | Found a staircase to the Ecumenical Temple.
  4303 | Temple   | Entered the Ecumenical Temple
  4371 | Temple   | Became a worshipper of Vehumet
  4547 | Temple   | Learned a level 4 spell: Airstrike
  4550 | Temple   | Learned a level 2 spell: Static Discharge
  4623 | D:4      | Noticed a black bear
  4633 | D:4      | Killed a black bear
  4634 | D:4      | Reached skill level 9 in Air Magic
  4845 | Temple   | Reached XP level 7. HP: 38/40 MP: 4/11
  5147 | D:5      | Entered Level 5 of the Dungeon
  5324 | D:5      | Reached skill level 1 in Armour
  5817 | D:5      | Reached skill level 10 in Air Magic
  6014 | D:5      | Reached * piety under Vehumet
  6014 | D:5      | Offered knowledge of Sandblast by Vehumet.
  6185 | D:5      | Reached XP level 8. HP: 44/44 MP: 3/13
  6491 | D:5      | Found Zickups's Elemental Accessories.
  6585 | D:6      | Noticed Sigmund
  6588 | D:6      | Killed Sigmund
  6589 | D:6      | Noticed Pikel
  6893 | D:5      | Reached skill level 11 in Air Magic
  7203 | D:6      | Killed Pikel
  7204 | D:6      | Reached skill level 13 in Air Magic
  7204 | D:6      | Reached XP level 9. HP: 48/48 MP: 2/16
  7467 | D:6      | Learned a level 6 spell: Conjure Ball Lightning
  7776 | D:6      | Found a runed translucent door.
  7777 | D:6      | Noticed Crazy Yiuf
  7861 | D:6      | Reached skill level 1 in Evocations
  8552 | D:7      | You are sucked into a shaft and drop 1 floor!
  8569 | D:8      | Noticed Psyche
  8580 | D:8      | Noticed a hornet
  8800 | D:7      | Offered knowledge of Magic Dart by Vehumet.
  8802 | D:7      | Reached ** piety under Vehumet
  9249 | D:8      | Reached skill level 5 in Stealth
  9632 | D:6      | Killed Crazy Yiuf
  9715 | D:7      | Reached XP level 10. HP: 53/53 MP: 9/18
  9747 | D:7      | Reached skill level 5 in Spellcasting
 10249 | D:8      | Paralysed by a hornet for 2 turns
 10254 | D:7      | HP: 3/53 [hornet (11)]
 10255 | D:7      | Mangled by a hornet

Illustrated notes

Levels and vault maps discovered:
D:1:      dpeg_arrival_simpleton_b, layout_basic, minmay_misc_feat_nine_boxes
D:2:      minmay_recursive_quarters, layout_basic, uniq_natasha
D:3:      layout_loops_corners, minitemple, minmay_misc_feat_doors, uniq_ijyb
D:4:      layout_basic, temple_hall_moat, minmay_manual_mail
D:5:      layout_rooms, nicolae_elemental_shop
D:6:      layout_basic, nicolae_concentric_dashed_squares_mild, uniq_pikel,
          uniq_crazy_yiuf_cottage, uniq_sigmund
D:7:      layout_basic, amcnicky_mini_corridor_feature
D:8:      layout_basic, hex_medium, minmay_misc_feat_hallway,
          grunt_ministairs_11, uniq_psyche
Temple:   regret_index_temple_chain_breaker

Skill      XL: |  1  2  3  4  5  6  7  8  9 10 |
---------------+-------------------------------+-----
Air Magic      | 6 7 8 9 10 13 | 13.8
Fighting       | 1 2 |  2.0
Dodging        | 3 4 |  4.9
Armour         | 3 |  3.0
Stealth        | 3 4 5 |  5.0
Spellcasting   | 4 5 |  5.0
Conjurations   | 4 |  4.7
Evocations     | 2 3 |  3.3

Action                   |  1- 3 |  4- 6 |  7- 9 | 10-12 || total
-------------------------+-------+-------+-------+-------++-------
Melee: Whip              |       |       |    13 |       ||    13
       Kick              |       |       |     5 |       ||     5
       Peck              |       |       |     2 |       ||     2
 Cast: Shock             |    62 |   118 |   176 |    25 ||   381
       Static Discharge  |       |     3 |    16 |     1 ||    20
       Airstrike         |       |       |    41 |     4 ||    45
Evoke: Wand              |       |     1 |       |       ||     1
  Use: Scroll            |       |     1 |     7 |       ||     8
       Potion            |       |       |       |     1 ||     1
Armor: Robe              |     3 |     7 |    13 |     1 ||    24
Dodge: Dodged            |     5 |    25 |    69 |     2 ||   101

Table legend: (Time is in decaauts)
 A = Elapsed time spent in this place.
 B = Non-inter-level travel time spent in this place.
 C = Inter-level travel time spent in this place.
 D = Time resting spent in this place.
 E = Time spent auto-exploring this place.
 F = Levels seen in this place.
 G = Mean time per level.
                   A        B        C        D        E       F      G
               +--------+--------+--------+--------+--------+-----+--------+
         Total |   9889 |   9625 |    264 |   1680 |   6569 |   9 | 1098.8 |
       Dungeon |   9520 |   9265 |    255 |   1465 |   6463 |   8 | 1190.0 |
        Temple |    368 |    359 |      9 |    215 |    105 |   1 |  368.0 |
               +--------+--------+--------+--------+--------+-----+--------+

Top non-repeatable levels by time:
     D:4: 1598 daAuts
     D:6: 1440 daAuts
     D:5: 1427 daAuts
     D:2: 1391 daAuts
     D:1: 1079 daAuts
     D:3: 1027 daAuts
     D:7: 881 daAuts
     D:8: 674 daAuts
  Temple: 368 daAuts
